AoeStats
← kable.xpress

Arabia

506569684Analyzed
1v1 RM · 19d ago on Sep 14, 2026· 45m 43s· 2 players
Game mode
Random Map
Map size
Tiny (2 player)
Population
200
Speed
Normal
Resources
Standard
Victory
Conquest
Starting age
Dark Age
Ending age
Imperial Age
RankedLock teamsTeams togetherTeam positionsShared explorationLock speedFull tech treeHidden civsTurbo modeCheats
Victory
Defeat
🇦🇷 Portuguese · Argentina
2159
+22
🇸🇦 Franks · Saudi Arabia
2294
-22
kable.xpress
6:20 Loom
8:45 Feudal Age
9:23 Double-Bit Axe
11:45 Horse Collar
18:36 Castle Age
17:03 Gold Mining
18:00 Bloodlines
17:43 Fletching
19:30 Bow Saw
19:16 Bodkin Arrow
20:26 Husbandry
22:18 Padded Archer Armor
24:46 Leather Archer Armor
25:09 Ballistics
24:52 Town Watch
26:38 Wheelbarrow
34:50 Imperial Age
34:27 Hand Cart
34:53 Thumb Ring
35:37 Bracer
37:14 Chemistry
38:11 Ring Archer Armor
38:52 Scale Barding Armor
38:31 Cavalier
39:43 Heavy Plow
40:08 Chain Barding Armor
41:29 Plate Barding Armor
43:26 Forging
44:28 Conscription
44:48 Iron Casting
[GLD] Abu abdullah
6:09 Loom
8:23 Feudal Age
9:01 Double-Bit Axe
18:47 Castle Age
18:21 Gold Mining
19:06 Fletching
19:13 Crossbowman
19:44 Town Watch
20:06 Bodkin Arrow
21:29 Padded Archer Armor
24:29 Wheelbarrow
27:41 Ballistics
28:04 Leather Archer Armor
37:14 Imperial Age
35:03 Elite Skirmisher
36:20 Hand Cart
40:32 Chemistry
39:25 Cavalier
40:05 Husbandry
40:39 Scale Barding Armor
41:03 Bow Saw
41:59 Chain Barding Armor
43:57 Chemistry
44:49 Plate Barding Armor
45:33 Forging
Connection lost

Rejoining the realm…

Still unreachable

The connection could not be restored.

Session expired

The server has moved on; the page needs a fresh start.